Unix NetHack Version 5.0.0-0 post-release - last build Jun 10 2026 00:39:30 (3ee93aec679c4c4259841fe613dc97188e26a321,branch:main).

Game began 2026-06-16 21:50:48, ended 2026-06-17 02:00:34.

JPB01, neutral male human Wizard

                          -----
                          |...|
                          |$...
                          |@f.|
                          --- -

JPB01 the Evoker          St:12 Dx:12 Co:13 In:18 Wi:13 Ch:11  Neutral
Dlvl:1  $:0  HP:0(12) Pw:8(8) AC:9  Xp:1 T:1 

Latest messages:
 Shall I pick character's race, role, gender and alignment for you? [ynaq] n
 [Thoth has chosen you to recover the Amulet of Yendor for Him.]
 Hello JPB01, welcome to NetHack!  You are a neutral male human Wizard.  Be careful!  New moon tonight.
 Really save? [yn] (n) y
 Saving...
 Restoring save file...
 Hello JPB01, the human Wizard, welcome back to NetHack!  Be careful!  New moon tonight.
 What do you want to drink? [fgh or ?*] ?
 Never mind.
 What do you want to read? [ijklm or ?*] ?
 Never mind.
 Really save? [yn] (n) y
 Saving...
 Restoring save file...
 Hello JPB01, the human Wizard, welcome back to NetHack!
 Be careful!  New moon tonight.
 As you read the scroll, it disappears.
 What type of monster do you want to genocide? wizard
 Wiped out all wizards.
 Do not pass Go.  Do not collect 200 zorkmids.
 Do you want your possessions identified? [ynq] (y) q

Inventory:
 Weapons  (')')
  a - a blessed +1 quarterstaff (weapon in hands)
 Armor    ('[')
  b - an uncursed +0 cloak of magic resistance (being worn)
 Scrolls  ('?')
  i - an uncursed scroll of confuse monster
  j - an uncursed scroll of identify
 Spellbooks  ('+')
  m - an uncursed spellbook of detect food
  l - a blessed spellbook of force bolt
 Potions  ('!')
  h - an uncursed potion of healing
  g - an uncursed potion of oil
  f - an uncursed potion of see invisible
 Rings    ('=')
  e - an uncursed ring of cold resistance
  d - an uncursed +2 ring of gain strength
 Wands    ('/')
  c - a wand of light (0:15)
 Tools    ('(')
  n - a magic marker (0:21)

JPB01 the Wizard's attributes:

Background:
 You were an Evoker, a level 1 male human Wizard.
 You were neutral, on a mission for Thoth
 who was opposed by Ptah (lawful) and Anhur (chaotic).
 You were right-handed.
 You were in the Dungeons of Doom, on level 1.
 You had just started your adventure.
 It was nighttime.
 There was a new moon in effect when your adventure ended.
 You had 0 experience points, 20 were needed to attain level 2.

Basics:
 You had 0 out of 12 hit points.
 You had all 8 energy points (spell power).
 Your armor class was 9.
 Your wallet was empty.
 Autopickup was off.

Final Characteristics:
 Your strength was 12 (limit:18/100).
 Your dexterity was 12 (limit:18).
 Your constitution was 13 (limit:18).
 Your intelligence was 18 (limit:18).
 Your wisdom was 13 (limit:18).
 Your charisma was 11 (limit:18).

Final Status:
 You weren't hungry.
 You were unencumbered.
 You were wielding a quarterstaff.
 You had basic skill with quarterstaff.

Final Attributes:
 You were nominally aligned.
 You were magic-protected.
 You were warded.
 You are dead.

Miscellaneous:
 You disabled loading and storing of bones levels.
 Total elapsed playing time was 23 seconds.

Major events:
 Turn
    1: JPB01 the neutral male human Wizard entered the dungeon
    1: performed his first genocide (wizards)
    1: killed by a scroll of genocide

Spells:
 Name                 Level Category     Fail Retention
 force bolt             1   attack         0%      100%
 detect food            2   divination    53%      100%

Skills:
 Fighting Skills
   bare handed combat [Unskilled]
   riding             [Unskilled]
 Weapon Skills
   dagger             [Unskilled]
   knife              [Unskilled]
   axe                [Unskilled]
   short sword        [Unskilled]
   club               [Unskilled]
   mace               [Unskilled]
   quarterstaff       [Basic]
   polearms           [Unskilled]
   spear              [Unskilled]
   trident            [Unskilled]
   sling              [Unskilled]
   dart               [Unskilled]
   shuriken           [Unskilled]
 Spellcasting Skills
   attack spells      [Basic]
   healing spells     [Unskilled]
   divination spells  [Unskilled]
   enchantment spells [Basic]
   clerical spells    [Unskilled]
   escape spells      [Unskilled]
   matter spells      [Unskilled]

Voluntary challenges:
 Your character was rerolled 137 times.
 You went without food.
 You were an atheist.
 You never hit with a wielded weapon.
 You were a pacifist.
 You genocided 1 type of monster.
 You never polymorphed an object.
 You never changed form.
 You used no wishes.

 The Dungeons of Doom:
    Level 1: <- You were here.
       An altar to Thoth.
       Final resting place for
          you, killed by a scroll of genocide.


No creatures were vanquished.

Genocided species:
 wizards
1 species genocided.

Game over:
                       ----------
                      /          \
                     /    REST    \
                    /      IN      \
                   /     PEACE      \
                  /                  \
                  |      JPB01       |
                  |       0 Au       |
                  |   killed by a    |
                  |    scroll of     |
                  |     genocide     |
                  |                  |
                  |       2026       |
                 *|     *  *  *      | *
        _________)/\\_//(\/(/\)/\//\/|_)_______

Goodbye JPB01 the Wizard...

You were genocided in The Dungeons of Doom on dungeon level 1 with 0 points,
and 0 pieces of gold, after 1 move.
You were level 1 with a maximum of 12 hit points when you were genocided.

